 Dungeon Crawl Stone Soup version 0.21.1-1-g345015f (webtiles) character file.

17234 nicolaieve the Severer (level 12, -1/90 HPs)
             Began as a Minotaur Berserker on July 24, 2018.
             Was a High Priest of Trog.
             Slain by a white ugly thing (25 damage)
             ... on level 11 of the Dungeon.
             The game lasted 00:46:21 (8640 turns).

nicolaieve the Severer (Minotaur Berserker)         Turns: 8640, Time: 00:46:21

Health: -1/90      AC: 17    Str: 31    XL:     12   Next: 17%
Magic:  5/5        EV:  8    Int:  4    God:    Trog [*****.]
Gold:   685        SH:  0    Dex: 11    Spells: 11/11 levels left

rFire    . . .     SeeInvis .   B - +2 battleaxe (antimagic)
rCold    . . .     Gourm    .   (shield currently unavailable)
rNeg     . . .     Faith    .   I - +0 plate armour
rPois    .         Spirit   .   (helmet restricted)
rElec    .         Reflect  .   s - +2 cloak
rCorr    .         Harm     .   M - +0 pair of gloves
MR       ++...                  G - +0 pair of boots
Stlth    ..........             b - amulet of magic regeneration
HPRegen  1.25/turn              j - +5 ring of strength
MPRegen  0.34/turn              h - +1 ring of protection

@: berserk cooldown, regenerating, slowed, very slow
A: retaliatory headbutt, horns 2
a: Berserk, Trog's Hand, Brothers in Arms, Burn Spellbooks, Renounce Religion


You were on level 11 of the Dungeon.
You worshipped Trog.
Trog was extremely pleased with you.
You were very hungry.

You visited 1 branch of the dungeon, and saw 11 of its levels.
You also visited: Ossuary.

You collected 893 gold pieces.
You spent 208 gold pieces at shops.

Inventory:

Hand Weapons
 B - a +2 antimagic battleaxe (weapon)
 J - a cursed +2 hand axe
Armour
 o - a +1 leather armour of poison resistance
 s - a +2 cloak (worn)
 G - a +0 pair of boots (worn)
 I - a +0 plate armour (worn)
 K - a scarf of cloud immunity
 M - a +0 pair of gloves (worn)
Jewellery
 b - an amulet of magic regeneration (around neck)
 h - a +1 ring of protection (right hand)
 j - a +5 ring of strength (left hand)
Wands
 l - a wand of acid (11)
 r - a wand of disintegration (20)
 x - a wand of iceblast (16)
 A - a wand of polymorph (9)
 L - a wand of flame (29)
Scrolls
 f - 5 scrolls of magic mapping
 g - a scroll of blinking
 k - a scroll of remove curse
 m - 3 scrolls of fear
 n - 7 scrolls of teleportation
 t - 4 scrolls of immolation
 v - a scroll of enchant armour
 F - 2 scrolls of enchant weapon {unknown}
 H - a scroll of fog
Potions
 a - a potion of ambrosia
 d - 2 potions of cancellation
 e - a potion of brilliance
 i - a potion of flight
 p - 6 potions of agility
 u - 2 potions of lignification
 w - a potion of curing
 z - a potion of haste
 C - 2 potions of heal wounds
 E - 2 potions of invisibility
Comestibles
 c - 17 rations
 q - 8 chunks of flesh


   Skills:
 - Level 3.6 Fighting
 - Level 20.0 Axes
 - Level 2.4 Armour
 - Level 2.1 Dodging
 + Level 7.5 Evocations


You had 11 spell levels left.
You didn't know any spells.

Dungeon Overview and Level Annotations

Branches:
Dungeon (11/15)            Temple (0/1) D:7            Lair (0/6) D:8
    Orc (0/2) D:10

Altars:
Ashenzari
Fedhas
Hepliaklqana
Kikubaaqudgha
Ru
Uskayaw
Vehumet
Xom
Yredelemnul

Shops:
D:8 !   D:9 ?

Annotations:
D:4 2 transporters, exclusion: statue
D:10 Sonja


Innate Abilities, Weirdness & Mutations

You reflexively headbutt those who attack you in melee.
You have a pair of horns on your head.


Message History

The white ugly thing kicks you but does no damage.
The orc wizard falters for a moment.
The orc wizard casts a spell.
The orc wizard seems to speed up.
The white ugly thing misses you. You furiously retaliate!
You headbutt the white ugly thing, but do no damage.
The orc wizard hits you with an enchanted dagger.
Unknown command.
You slice the orc wizard!!
You kill the orc wizard!
Trog accepts your kill.
Trog appreciates your killing of a magic user.
You slash the orc wizard!
You kill the orc wizard!
Trog accepts your kill.
Trog appreciates your killing of a magic user.
You closely miss the white ugly thing. The white ugly thing kicks you.
* * * LOW HITPOINT WARNING * * *
The white ugly thing freezes you!!
You die...

#+######..#......#
.##.....##..#......#
.......[)...'......#
............#......#
............#......#
###.##+###..#......#
# #..#......#
#..#......#
...#@)....#
#..#u)....# #......#
.......# .......#
..........
..........
.########..


You could see a white ugly thing.

Vanquished Creatures
  Gastronok (D:10)
  Josephine (D:10)
  Harold (D:11)
  Fannar (D:10)
  4 two-headed ogres
  Nergalle (D:10)
  An ugly thing (D:11)
  Maurice (D:8)
  The ghost of wistyy the Basher, a novice MiFi (D:4)
  The ghost of Lilu the Conjurer, a novice DECj (D:6)
  A komodo dragon (D:8)
  2 trolls
  Grinder (D:4)
  A hippogriff (D:8)
  Sigmund (D:4)
  4 wraiths (D:10)
  A human (D:5)
  A spriggan (D:7)
  A hungry ghost (D:7)
  11 yaks
  Menkaure (D:4)
  Duvessa (D:6)
  2 orc warriors
  5 sky beasts
  2 ice beasts
  2 phantoms
  4 ogres
  9 centaurs
  A big kobold (D:10)
  4 bullfrogs
  A gnoll sergeant (D:11)
  Dowan (D:6)
  2 scorpions
  14 wights
  A howler monkey (D:8)
  7 crimson imps
  A centaur zombie (D:10)
  2 jellies
  6 hounds
  8 orc priests
  A bullfrog skeleton (D:8)
  A centaur skeleton (D:8)
  A human skeleton (D:5)
  Natasha (twice) (D:2)
  4 iguanas
  11 orc wizards
  2 worker ants
  A killer bee zombie (D:7)
  4 hound skeletons
  8 mummies (Ossuary)
  13 gnolls
  9 adders
  5 shadow imps
  2 oozes (D:3)
  2 adder skeletons
  An adder zombie (D:6)
  4 worms
  3 dart slugs (D:2)
  6 leopard geckos
  43 orcs
  6 bats
  6 giant cockroaches
  21 goblins
  10 hobgoblins
  13 jackals
  A quokka (D:8)
  A ball python (D:1)
  5 frilled lizards
  2 hobgoblin zombies (Ossuary)
  A jackal skeleton (D:5)
  A jackal zombie (D:5)
  11 kobolds
  2 kobold zombies (Ossuary)
  4 orc zombies (Ossuary)
  A quokka zombie (D:5)
  6 rats
  2 plants (D:8)
327 creatures vanquished.

Vanquished Creatures (others)
  An orc (D:10)
  2 plants (D:8)
3 creatures vanquished.

Grand Total: 330 creatures vanquished

Notes
Turn   | Place    | Note
-------+----------+-------------------------------------------
     0 | D:1      | nicolaieve the Minotaur Berserker began the quest for the Orb.
     0 | D:1      | Reached XP level 1. HP: 19/19 MP: 0/0
   217 | D:1      | Reached skill level 4 in Axes
   223 | D:1      | Reached XP level 2. HP: 17/26 MP: 1/1
   720 | D:2      | Reached skill level 5 in Axes
   724 | D:2      | Found a faded altar of an unknown god.
   725 | D:2      | Reached XP level 3. HP: 30/31 MP: 2/2
   827 | D:2      | Reached skill level 6 in Axes
   827 | D:2      | Reached XP level 4. HP: 10/39 MP: 3/3
   828 | D:2      | Reached ** piety under Trog
   834 | D:2      | Noticed Natasha
  1182 | D:2      | Killed Natasha
  1293 | D:2      | Reached XP level 5. HP: 31/45 MP: 4/4
  1312 | D:2      | Reached skill level 7 in Axes
  1435 | D:2      | Noticed Natasha
  1444 | D:2      | Killed Natasha
  1626 | D:2      | Reached skill level 8 in Axes
  2033 | D:3      | Reached *** piety under Trog
  2048 | D:3      | Reached XP level 6. HP: 51/51 MP: 5/5
  2459 | D:4      | Noticed Grinder
  2463 | D:4      | Killed Grinder
  2463 | D:4      | Reached skill level 9 in Axes
  2501 | D:4      | Reached XP level 7. HP: 54/57 MP: 6/6
  2508 | D:4      | Found a radiant altar of Vehumet.
  2548 | D:4      | Noticed wistyy's ghost (novice MiFi)
  2557 | D:4      | Killed wistyy's ghost
  2557 | D:4      | Reached skill level 10 in Axes
  2609 | D:4      | Found a transporter.
  2627 | D:4      | Found a hide-covered altar of Uskayaw.
  2664 | D:4      | Found a transporter.
  2745 | D:4      | Noticed Menkaure
  2751 | D:4      | Killed Menkaure
  2751 | D:4      | Reached skill level 11 in Axes
  2757 | D:4      | Noticed Sigmund
  2771 | D:4      | Killed Sigmund
  2771 | D:4      | Reached XP level 8. HP: 44/64 MP: 7/7
  2806 | D:4      | Found a sand-covered staircase.
  2872 | Ossuary  | Entered an ossuary
  2893 | Ossuary  | Reached skill level 12 in Axes
  3172 | D:5      | Entered Level 5 of the Dungeon
  3177 | D:5      | Reached **** piety under Trog
  3181 | D:5      | Found a runed door.
  3194 | D:5      | Found a basalt altar of Yredelemnul.
  3224 | D:5      | Reached skill level 13 in Axes
  3577 | D:5      | Found a shattered altar of Ashenzari.
  3577 | D:5      | Found a faded altar of an unknown god.
  3582 | D:5      | Found a faded altar of an unknown god.
  3584 | D:5      | Found a hazy altar of Hepliaklqana.
  3586 | D:5      | Found an ancient bone altar of Kikubaaqudgha.
  3650 | D:5      | Reached XP level 9. HP: 53/70 MP: 8/8
  3661 | D:5      | Reached skill level 14 in Axes
  3911 | D:6      | Found a sacrificial altar of Ru.
  3928 | D:6      | Noticed Lilu's ghost (novice DECj)
  3938 | D:6      | Killed Lilu's ghost
  3939 | D:6      | Reached ***** piety under Trog
  4036 | D:6      | Reached skill level 15 in Axes
  4173 | D:6      | Noticed Duvessa
  4174 | D:6      | Noticed Dowan
  4180 | D:6      | Killed Duvessa
  4187 | D:6      | Killed Dowan
  4448 | D:7      | Found a staircase to the Ecumenical Temple.
  4526 | D:7      | Found a blossoming altar of Fedhas.
  4626 | D:7      | Found a shimmering altar of Xom.
  4702 | D:7      | Reached skill level 16 in Axes
  4704 | D:7      | Received a gift from Trog
  4853 | D:7      | Paralysed by fainting for 11 turns
  4883 | D:7      | Reached XP level 10. HP: 77/77 MP: 9/9
  4960 | D:7      | Identified Haunem's Tome of Air and Creation
  5176 | D:8      | Noticed a two-headed ogre
  5181 | D:8      | Killed a two-headed ogre
  5327 | D:8      | Found Fuxkeoge's Distillery.
  5357 | D:8      | Reached skill level 17 in Axes
  5589 | D:8      | Noticed Maurice
  5655 | D:8      | Killed Maurice
  5744 | D:8      | Found a staircase to the Lair.
  5867 | D:8      | Noticed a two-headed ogre
  5872 | D:8      | Killed a two-headed ogre
  5872 | D:8      | Reached skill level 18 in Axes
  6075 | D:8      | Noticed a two-headed ogre
  6079 | D:8      | Killed a two-headed ogre
  6398 | D:9      | Reached XP level 11. HP: 82/82 MP: 10/10
  6458 | D:9      | Found a shattered altar of Ashenzari.
  6524 | D:9      | Reached skill level 19 in Axes
  6579 | D:9      | Found Nopp's Magic Scroll Shoppe.
  6587 | D:9      | Bought a scroll of immolation for 56 gold pieces
  6587 | D:9      | Bought a scroll of teleportation for 48 gold pieces
  6587 | D:9      | Bought a scroll of magic mapping for 56 gold pieces
  6587 | D:9      | Bought a scroll of remove curse for 48 gold pieces
  6787 | D:10     | Entered Level 10 of the Dungeon
  6977 | D:10     | Noticed Josephine
  6978 | D:10     | Noticed Nergalle
  6985 | D:10     | Killed Josephine
  6993 | D:10     | Killed Nergalle
  7012 | D:10     | Noticed Sonja
  7449 | D:10     | Received a gift from Trog
  7735 | D:10     | Reached skill level 20 in Axes
  7770 | D:10     | Found a staircase to the Orcish Mines.
  7835 | D:10     | Noticed Fannar
  7848 | D:10     | Killed Fannar
  8189 | D:10     | Noticed Gastronok
  8202 | D:10     | Killed Gastronok
  8202 | D:10     | Reached skill level 5 in Evocations
  8503 | D:11     | Noticed a brown ugly thing
  8510 | D:11     | Killed a brown ugly thing
  8510 | D:11     | Reached XP level 12. HP: 90/90 MP: 5/15
  8530 | D:11     | Noticed Harold
  8548 | D:11     | Killed Harold
  8604 | D:11     | Noticed a two-headed ogre
  8612 | D:11     | Killed a two-headed ogre
  8640 | D:11     | Slain by a white ugly thing

Skill      XL: |  1  2  3  4  5  6  7  8  9 10 11 12 |
---------------+-------------------------------------+-----
Axes           | 4 5 6 8 9 11 13 16 18 20 | 20.0
Evocations     | 6 7 |  7.5
Fighting       | |  3.6
Armour         | |  2.4
Dodging        | |  2.1

Action                   |  1- 3 |  4- 6 |  7- 9 | 10-12 || total
-------------------------+-------+-------+-------+-------++-------
Melee: Hand axe          |    48 |    41 |       |       ||    89
       Headbutt          |     7 |    12 |    42 |    76 ||   137
       Battleaxe         |       |    57 |   246 |   338 ||   641
Invok: Berserk           |       |     4 |     6 |    12 ||    22
       Trog's Hand       |       |       |     1 |     4 ||     5
       Burn Spellbooks   |       |       |     1 |     1 ||     2
  Use: Scroll            |       |       |    10 |     8 ||    18
  Eat: Chunk             |       |     8 |    18 |    20 ||    46
       Ration            |       |       |       |     1 ||     1
Armor: Animal skin       |     9 |       |       |       ||     9
       Leather armour    |       |    11 |       |       ||    11
       Ring mail         |       |    14 |    59 |       ||    73
       Plate armour      |       |       |    47 |   167 ||   214
Dodge: Dodged            |    47 |    63 |   104 |   123 ||   337
